 Dungeon Crawl Stone Soup version 0.27-a0-1291-geefcff550b (webtiles) character file.

Game seed: 3862254113390021744

427 lunkers the Gusty (level 6, 0/32 HPs)
             Began as a Deep Elf Air Elementalist on June 15, 2021.
             Slain by a centaur (1 damage)
             ... on level 5 of the Dungeon.
             The game lasted 00:05:30 (4928 turns).

lunkers the Gusty (Deep Elf Air Elementalist)       Turns: 4928, Time: 00:05:31

Health: 0/32       AC:  3    Str:  5    XL:     6   Next: 65%
Magic:  6/15       EV: 12    Int: 22    God:
Gold:   236        SH:  0    Dex: 15    Spells: 5/15 levels left

rFire    . . .     SeeInvis .   (no weapon)
rCold    . . .     Faith    .   (no shield)
rNeg     . . .     Spirit   .   a - +0 robe
rPois    .         Reflect  .   l - +0 helmet
rElec    .         Harm     .   (no cloak)
rCorr    .         Rampage  .   (no gloves)
Will     .....                  (no boots)
Stlth    ++........             (no amulet)
HPRegen  0.10/turn              (no ring)
MPRegen  0.14/turn              (no ring)

@: no status effects
A: no striking features
a: no special abilities


You were on level 5 of the Dungeon.
You visited 2 branches of the dungeon, and saw 6 of its levels.

You collected 236 gold pieces.

Inventory:

Missiles
 o - a throwing net
Armour
 a - a +0 robe (worn)
 l - a +0 helmet (worn)
Wands
 n - a wand of charming (8)
 r - a wand of iceblast (4)
Scrolls
 e - a scroll of torment {unknown}
 f - 5 scrolls of identify {unknown}
 h - a scroll of silence {unknown}
 i - a scroll of noise {unknown}
 j - 3 scrolls of teleportation {unknown}
 p - a scroll of brand weapon {unknown}
 q - a scroll of enchant armour {unknown}
 t - a scroll of holy word {unknown}
Potions
 b - a potion of heal wounds {unknown}
 d - a potion of invisibility {unknown}
 g - a potion of mutation {unknown}
 k - a potion of haste {unknown}
 m - 2 potions of resistance {unknown}
 s - a potion of lignification {unknown}


   Skills:
 - Level 2.4 Dodging
 - Level 2.4 Stealth
 + Level 5.0 Spellcasting
 * Level 4.8 Conjurations
 * Level 5.2 Air Magic


You had 5 spell levels left.
You knew the following spells:

 Your Spells              Type           Power      Damage    Failure   Level
a - Shock                 Conj/Air       100%       1d9       1%          1
b - Static Discharge      Conj/Air       27%        N/A       1%          2
c - Swiftness             Air            28%        N/A       3%          3
d - Airstrike             Air            14%        N/A       12%         4

Your spell library contained the following spells:

 Spells                   Type           Power      Damage    Failure   Level
 Magic Dart               Conj           100%       1d8       1%          1
 Mephitic Cloud           Conj/Pois/Air  20%        N/A       8%          3
 Conjure Flame            Conj/Fire      16%        6-21      11%         3
 Blink                    Tloc           N/A        N/A       16%         2
 Call Imp                 Summ           5%         N/A       16%         2
 Slow                     Hex            5%         N/A       16%         2
 Lightning Bolt           Conj/Air       13%        1d27      34%         5


Dungeon Overview and Level Annotations

Branches:
Dungeon (5/15)             Temple (1/1) D:5

Altars:
Ashenzari
Cheibriados
Elyvilon
Fedhas
Gozag
Nemelex Xobeh
Okawaru
Qazlal
Ru
Trog
Uskayaw
Wu Jian
Yredelemnul
Zin
The Shining One

Shops:
D:1 ?


Message History

The water moccasin poisons you!
Unknown command.
Unknown command.
Casting: Static Discharge (safe; 2% risk of failure)
Confirm with . or Enter, or press ? or * to list all spells.
The water moccasin is struck by an arc of lightning.
You kill the water moccasin!
The centaur is struck by an arc of lightning.
The centaur is moderately wounded.
The lightning grounds out.
* * * LOW HITPOINT WARNING * * *
You feel very sick.
The centaur wields a +0 shortbow.
The centaur shoots an arrow.
The arrow closely misses you.
Your Spellcasting skill increases to level 5!
Your Air Magic skill increases to level 5!
Unknown command.
Unknown command.
It was a potion of curing.
You feel better.
The centaur shoots an arrow.
The arrow barely misses you. The quokka closely misses you.
The centaur shoots an arrow.
The arrow hits you!
* * * LOW HITPOINT WARNING * * *
The centaur shoots an arrow.
The arrow misses you. The quokka barely misses you.
You feel better. The quokka bites you.
* * * LOW HITPOINT WARNING * * *
The centaur unwields a +0 shortbow.
The centaur barely misses you. x2
Casting: Static Discharge (safe; 1% risk of failure)
Confirm with . or Enter, or press ? or * to list all spells.
The quokka is struck by an arc of lightning!
You kill the quokka!
The lightning grounds out.
The centaur is struck by an arc of lightning.
The centaur is heavily wounded.
The centaur is struck by an arc of lightning.
The centaur is heavily wounded.
The lightning grounds out.
The centaur shoots an arrow.
The arrow hits you!
* * * LOW HITPOINT WARNING * * *
The centaur hits you.
You die...

##......## .##......####
..'.####....#
..###.(##.#.####.#
.)##?).(#........#
.+#+.Z5l#.#.######
##.##oO##...#
.#+#####cc###
##.##..@†## +([S#...##
##$##...# .###....#
.....##.# ####### #.#
########.....###.#######
#........###.##.........
#.######.# #.......#####


You could see a water moccasin, an ogre, 2 centaurs, an iguana, a white imp, an
orc and a centaur zombie.

Vanquished Creatures
  2 water moccasins (D:5)
  A howler monkey (D:5)
  A hound (D:4)
  An adder (D:3)
  3 gnolls (D:2)
  An adder skeleton (D:4)
  3 dart slugs
  3 orcs
  9 endoplasms
  6 giant cockroaches
  2 hobgoblins
  12 jackals
  6 quokkas
  10 ball pythons
  3 bats
  3 frilled lizards
  6 goblins
  9 kobolds
  6 rats
87 creatures vanquished.

Notes
Turn   | Place    | Note
-------+----------+-------------------------------------------
     0 | D:1      | lunkers the Deep Elf Air Elementalist began the quest for
                  | the Orb.
     0 | D:1      | Reached XP level 1. HP: 10/10 MP: 6/6
   270 | D:1      | Reached XP level 2. HP: 15/15 MP: 6/8
   466 | D:1      | Found Itoa's Magic Scroll Emporium.
   802 | D:1      | Reached XP level 3. HP: 19/19 MP: 4/9
  1149 | D:1      | Found a faded altar of an unknown god.
  1855 | D:2      | Reached XP level 4. HP: 24/24 MP: 8/11
  2674 | D:3      | Found a sparkling altar of Nemelex Xobeh.
  2796 | D:3      | Found a white marble altar of Elyvilon.
  2796 | D:3      | Found a hide-covered altar of Uskayaw.
  3706 | D:3      | Found an opulent altar of Gozag.
  3842 | D:3      | Learned a level 2 spell: Static Discharge
  3846 | D:3      | Learned a level 3 spell: Swiftness
  3851 | D:3      | Learned a level 4 spell: Airstrike
  3855 | D:4      | Reached XP level 5. HP: 19/28 MP: 8/13
  3987 | D:4      | Found a sacrificial altar of Ru.
  4176 | D:4      | Found an iron altar of Okawaru.
  4447 | D:5      | Entered Level 5 of the Dungeon
  4605 | D:5      | Noticed a water moccasin
  4611 | D:5      | Killed a water moccasin
  4612 | D:5      | Reached XP level 6. HP: 28/32 MP: 5/14
  4723 | D:5      | Found a staircase to the Ecumenical Temple.
  4737 | Temple   | Entered the Ecumenical Temple
  4894 | D:5      | Noticed a water moccasin
  4911 | D:5      | Noticed a water moccasin
  4925 | D:5      | Killed a water moccasin
  4926 | D:5      | Reached skill level 5 in Spellcasting
  4926 | D:5      | Reached skill level 5 in Air Magic
  4928 | D:5      | HP: 1/32 [centaur/arrow (7)]
  4928 | D:5      | Slain by a centaur

Illustrated notes

Levels and vault maps discovered:
D:1:      lightli_arrival_windingriver, layout_basic, serial_shops, shop,
          dilly_ecumenical_altar_fadedgnrine, hex_tiny
D:2:      layout_basic, serial_glass, glass_columns_a, glass_columns_a
D:3:      layout_basic, lemuel_crystal_altar, grunt_gozag_breadcrumbs,
          jmf_multi_god_temple
D:4:      layout_cave_pools, nicolae_ru_sacrificial_ziggurat, okawaru_trees_1
D:5:      layout_loops_corners, minmay_temple_entry_wispy,
          grunt_decor_mini_mirrors, minmay_joined_circles
Temple:   dpeg_three_leaves_temple

Skill      XL: |  1  2  3  4  5  6 |
---------------+-------------------+-----
Conjurations   | 2 3 4 |  4.8
Air Magic      | 4 5 |  5.2
Spellcasting   | 4 5 |  5.0
Dodging        | |  2.4
Stealth        | |  2.4

Action                   |  1- 3 |  4- 6 || total
-------------------------+-------+-------++-------
Melee: Unarmed           |       |     2 ||     2
 Cast: Shock             |    83 |    73 ||   156
       Static Discharge  |       |    10 ||    10
  Use: Potion            |       |     2 ||     2
Dodge: Dodged            |     5 |    17 ||    22

Table legend: (Time is in decaauts)
 A = Elapsed time spent in this place.
 B = Non-inter-level travel time spent in this place.
 C = Inter-level travel time spent in this place.
 D = Time resting spent in this place.
 E = Time spent auto-exploring this place.
 F = Levels seen in this place.
 G = Mean time per level.
                   A        B        C        D        E       F      G
               +--------+--------+--------+--------+--------+-----+--------+
         Total |   4929 |   4812 |    117 |      0 |   4418 |   6 |  821.5 |
       Dungeon |   4809 |   4692 |    117 |      0 |   4315 |   5 |  961.8 |
        Temple |    120 |    120 |      0 |      0 |    103 |   1 |  120.0 |
               +--------+--------+--------+--------+--------+-----+--------+

Top non-repeatable levels by time:
     D:2: 1408 daAuts
     D:1: 1221 daAuts
     D:3: 1220 daAuts
     D:4: 598 daAuts
     D:5: 360 daAuts
  Temple: 120 daAuts
